 Dungeon Crawl Stone Soup version 0.23-a0-78-gc252fe1 (webtiles) character file.

369 HallandMoats the Skirmisher (level 6, -1/49 HPs)
             Began as a Demonspawn Abyssal Knight on Aug 10, 2018.
             Was a Believer of Lugonu.
             Slain by a hippogriff (5 damage)
             ... on level 4 of the Dungeon.
             The game lasted 00:05:44 (4303 turns).

HallandMoats the Skirmisher (DsAK)                  Turns: 4303, Time: 00:05:44

Health: -1/49      AC:  7    Str: 15    XL:     6   Next: 41%
Magic:  8/8        EV: 13    Int: 13    God:    Lugonu [**....]
Gold:   194        SH:  0    Dex: 12    Spells: 5/5 levels left

rFire    . . .     SeeInvis .   a - +1 hand axe
rCold    + + .     Gourm    .   (no shield)
rNeg     . . .     Faith    .   m - +2 ring mail {rC+}
rPois    +         Spirit   .   (helmet restricted)
rElec    .         Reflect  .   (no cloak)
rCorr    .         Harm     .   (no gloves)
MR       .....                  (no boots)
Stlth    ++........             (no amulet)
HPRegen  0.16/turn              d - ring of protection from cold
MPRegen  0.11/turn              i - ring of poison resistance

@: hasted, very quick
A: horns 1, repulsion field 1, nightstalker 1, powered by death 1
a: Depart the Abyss, Bend Space, Renounce Religion


You were on level 4 of the Dungeon.
You worshipped Lugonu.
Lugonu was pleased with you.
You were near starving.

You visited 1 branch of the dungeon, and saw 4 of its levels.
You visited the Abyss 1 time.

You collected 194 gold pieces.

Inventory:

Hand Weapons
 a - a +1 hand axe (weapon)
Missiles
 f - a throwing net (quivered)
Armour
 m - a +2 ring mail of cold resistance (worn)
Jewellery
 d - a ring of protection from cold (left hand)
 i - a ring of poison resistance (right hand)
Wands
 j - a wand of paralysis (14)
Scrolls
 e - a scroll of remove curse
 g - a scroll of enchant weapon {unknown}
 h - 3 scrolls of identify {unknown}
 k - a scroll of fear {unknown}
 n - a scroll of teleportation {unknown}
 o - a scroll of amnesia {unknown}
 r - a scroll of immolation {unknown}
Potions
 b - a potion of haste
 l - a potion of agility
 s - a potion of heal wounds
Comestibles
 c - 3 rations


   Skills:
 * Level 4.3 Fighting
 * Level 3.3 Axes
 * Level 3.3 Armour
 * Level 2.6 Dodging
 + Level 3.6 Invocations


You had 5 spell levels left.
You didn't know any spells.
Your spell library was empty.

Dungeon Overview and Level Annotations

Branches:
Dungeon (4/15)
 Temple: D:4-7

Altars:
Okawaru


Innate Abilities, Weirdness & Mutations

You have a pair of small horns on your head.
You are surrounded by a mild repulsion field. (EV +2)
You are slightly more attuned to the shadows.
You regenerate a little health from kills.


Message History

The hippogriff closely misses you.
You hit the hippogriff.
The hippogriff is moderately wounded.
You are near starving!
The hippogriff bites you.
* * * LOW HITPOINT WARNING * * *
The hippogriff closely misses you. The hippogriff barely misses you.
You hit the hippogriff. Your headbutt misses the hippogriff.
The hippogriff is moderately wounded.
The hippogriff closely misses you.
The hippogriff pecks you but does no damage.
The hippogriff claws you.
* * * LOW HITPOINT WARNING * * *
You hit the hippogriff but do no damage.
You headbutt the hippogriff.
The hippogriff is heavily wounded.
The hippogriff bites you.
* * * LOW HITPOINT WARNING * * *
The hippogriff pecks you.
You die...

#.........#
#.........#
#.........#
#.........#
#.........# #...
#.......$.# #... ..
#.........# #...
....#####....)....#
#...
.......@H#...#.####
#.§.
.....###.....#†##
#...
###.....##.#....#
#...
#.###.?..#....#
#... ###...#...##
###. #.#h.....##
#...
#...#.....###...
#..###..........
..# #..##.!#...


You could see a hippogriff.

Vanquished Creatures
  A phantom (D:4)
  A crimson imp (D:3)
  A bullfrog skeleton (D:4)
  A hound (D:4)
  Ijyb (D:3)
  Terence (D:3)
  Jessica (D:3)
  A worker ant (D:4)
  Robin (D:2)
  An ooze (D:4)
  2 worms (D:2)
  2 orcs
  2 ball pythons
  5 bats
  5 giant cockroaches
  13 goblins
  6 hobgoblins
  4 jackals
  A quokka (D:3)
  4 frilled lizards (D:1)
  5 kobolds
  8 rats
67 creatures vanquished.

Notes
Turn   | Place    | Note
-------+----------+-------------------------------------------
     0 | Abyss:1  | HallandMoats the Demonspawn Abyssal Knight began the quest for the Orb.
     0 | Abyss:1  | Reached XP level 1. HP: 18/18 MP: 2/2
    71 | Abyss:1  | Noticed a large abomination
    80 | D:1      | Escaped the Abyss
   191 | D:1      | Reached skill level 1 in Dodging
   545 | D:1      | Gained mutation: You are surrounded by a mild repulsion field. (EV +2) [demonic ancestry]
   545 | D:1      | Reached XP level 2. HP: 21/24 MP: 3/3
   733 | D:1      | Reached * piety under Lugonu
  1221 | D:2      | Reached XP level 3. HP: 21/29 MP: 5/5
  2130 | D:2      | Noticed Robin
  2167 | D:2      | Killed Robin
  2170 | D:2      | Gained mutation: You have a pair of small horns on your head. [demonic ancestry]
  2170 | D:2      | Reached XP level 4. HP: 10/35 MP: 6/6
  2917 | D:3      | Reached ** piety under Lugonu
  3350 | D:3      | Noticed Ijyb
  3352 | D:3      | Paralysed by Ijyb for 3 turns
  3363 | D:3      | Paralysed by Ijyb for 3 turns
  3370 | D:3      | Paralysed by Ijyb for 7 turns
  3377 | D:3      | Killed Ijyb
  3404 | D:3      | Noticed Terence
  3416 | D:3      | Killed Terence
  3460 | D:3      | Gained mutation: You are slightly more attuned to the shadows. [demonic ancestry]
  3460 | D:3      | Reached XP level 5. HP: 41/42 MP: 7/7
  3675 | D:3      | Noticed Jessica
  3688 | D:3      | Killed Jessica
  3688 | D:3      | Reached skill level 4 in Fighting
  3944 | D:3      | Found an iron altar of Okawaru.
  4188 | D:4      | Noticed a phantom
  4244 | D:4      | Gained mutation: You regenerate a little health from kills. [demonic ancestry]
  4244 | D:4      | Reached XP level 6. HP: 9/48 MP: 8/8
  4282 | D:4      | Noticed a hippogriff
  4303 | D:4      | Slain by a hippogriff

Vault maps used:
D:1:      minmay_arrival_cross
D:2:      uniq_robin
D:3:      okawaru_metal_pillars_1_2, first_ration, uniq_terence, uniq_jessica,
          uniq_ijyb
D:4:      kennysheep_generic_room_4

Skill      XL: |  1  2  3  4  5 |
---------------+----------------+-----
Dodging        | 1 2 |  2.6
Armour         | 2 3 |  3.3
Axes           | 2 3 |  3.3
Invocations    | 3 |  3.6
Fighting       | 4 |  4.3

Action                   |  1- 3 |  4- 6 || total
-------------------------+-------+-------++-------
Melee: Hand axe          |   162 |   146 ||   308
       Headbutt          |       |    15 ||    15
Invok: Depart the Abyss  |     1 |       ||     1
Evoke: Wand              |       |     1 ||     1
  Use: Potion            |     3 |     6 ||     9
       Scroll            |       |     1 ||     1
 Stab: Paralysed         |       |     7 ||     7
  Eat: Chunk             |     4 |     2 ||     6
       Ration            |       |     1 ||     1
Armor: Ring mail         |    67 |    56 ||   123
Dodge: Dodged            |   134 |    91 ||   225

Table legend:
 A = Non-vault XP
 B = Vault XP
 C = Vault XP percentage of total XP
 D = Non-vault monster count
 E = Vault monster count
 F = Vault count percentage of total count
 G = Total turns spent on level
                 A         B        C        D         E       F
            +---------+---------+-------+---------+---------+-------
      Total |     376 |     152 |  28.8 |      51 |      16 |  23.9
            +---------+---------+-------+---------+---------+-------
        D:1 |      18 |       0 |   0.0 |      12 |       0 |   0.0
        D:2 |      42 |      39 |  48.1 |      22 |      13 |  37.1
        D:3 |      60 |     113 |  65.3 |       8 |       3 |  27.3
        D:4 |     256 |       0 |   0.0 |       9 |       0 |   0.0
            +---------+---------+-------+---------+---------+-------
